 Dungeon Crawl Stone Soup version 0.14-a0-30-gf0b6e91 (webtiles) character file.

609 PolkaDot the Ruffian (level 7, 0/44 HPs)
             Began as an Octopode Transmuter on Sept 26, 2013.
             Succumbed to a killer bee's poison
             ... on Level 6 of the Dungeon.
             The game lasted 00:18:19 (4202 turns).

PolkaDot the Insei (Octopode Transmuter)            Turns: 4202, Time: 00:18:19

HP   0/44        AC  1     Str 15      XL: 7   Next:  6%
MP  10/10        EV 12     Int 15      God:
Gold 152         SH  0     Dex 14      Spells:  1 memorised,  9 levels left

Res.Fire  : . . .   See Invis. : .     - Unarmed
Res.Cold  : . . .   Warding    : .   (no shield)
Life Prot.: . . .   Conserve   : .   (helmet restricted)
Res.Poison: .       Res.Corr.  : .   (no amulet)
Res.Elec. : .       Clarity    : .   m - ring of sustain abilities
Sust.Abil.: + +     Spirit.Shd : .   c - ring of sustain abilities
Res.Mut.  : .       Stasis     : .   f - ring of wizardry
Res.Rott. : .       Flight     : .   (no ring)
Saprovore : . . .                    (no ring)
                                     (no ring)
                                     (no ring)
                                     (no ring)

@: about to teleport, mighty, mildly poisoned, very slightly contaminated,
hasted, very quick, slightly resistant to hostile enchantments, fairly stealthy
A: almost no armour, amphibious, 8 rings, constrict 8, camouflage 1, AC +1
a: no special abilities


You were on level 6 of the Dungeon.
You were not hungry.

You visited 1 branch of the dungeon, and saw 6 of its levels.
You also visited: Sewer.

You collected 132 gold pieces.

Inventory:

Hand weapons
 s - a +2,+1 halberd of dragon slaying
Missiles
 b - 12 arrows
Armour
 t - a +1 buckler
Comestibles
 a - a bread ration
 p - 2 meat rations
Scrolls
 h - 2 scrolls of remove curse {unknown}
 o - 2 scrolls of magic mapping
 r - a scroll of fear
 y - a scroll of teleportation
Jewellery
 c - a ring of sustain abilities (right tentacle)
 f - a ring of wizardry (on tentacle)
 m - a ring of sustain abilities (left tentacle)
Potions
 i - 2 potions of speed
 j - a potion of restore abilities
 l - a potion of magic
 A - 2 potions of brilliance
Books
 d - a book of Changes

   Spells                             Type                      Level
   *Beastly Appendage                 Transmutation                1
   Sticks to Snakes                   Transmutation                2
   Spider Form                        Transmutation/Poison         3
   Ice Form                           Ice/Transmutation            4
   Blade Hands                        Transmutation                5


   Skills:
 - Level 1.4 Fighting
 - Level 2.2 Dodging
 * Level 6.5 Unarmed Combat
 - Level 2.0 Spellcasting
 + Level 4.2 Transmutations


You had 9 spell levels left.
You knew the following spells:

 Your Spells              Type           Power        Failure   Level  Hunger
a - Beastly Appendage     Trmt           ##....       1%          1    #......


Dungeon Overview and Level Annotations

Branches:
Dungeon (6/27)
 Temple: D:4-7          Orc: D:6-11

Altars:
Cheibriados
Nemelex Xobeh
Okawaru
Sif Muna
Vehumet
Xom

Shops:
D:5 +


Innate Abilities, Weirdness & Mutations

You cannot wear most types of armour.
You are amphibious.
You can wear up to eight rings at the same time.
You can use your tentacles to constrict many enemies at once.
Your skin changes colour to match your surroundings (Stlth).
Your rubbery body absorbs attacks (AC +1).


Message History

You bludgeon the killer bee!
You kill the killer bee!
You have reached level 7!
Drink which item? (? for menu, Esc to quit)
Okay, then.
Read which item? (? for menu, Esc to quit)
As you read the scroll labeled IVOETY SICUU, it crumbles to dust.
Blink to where?
Press: ? - help, Dir - move target cursor It was a scroll of blinking.
Read which item? (? for menu, Esc to quit)
As you read the scroll labeled IRUMIOFARA, it crumbles to dust.
You assume a fearsome visage.
Nothing appears to happen.
It was a scroll of fear.
Read which item? (? for menu, Esc to quit)
As you read the scroll labeled PEEV OWKUMI, it crumbles to dust.
You feel strangely unstable.
It was a scroll of teleportation.
* * * LOW HITPOINT WARNING * * *
You feel sick.
You die...

## ################.
#########.......%........
........@.###############
###########


There were no monsters in sight!

Vanquished Creatures
  3 killer bees (D:6)
  A scorpion (D:3)
  An orc wizard (D:3)
  5 green rats
  4 gnolls
  7 adders
  5 worms
  A grey rat (Sewer)
  2 giant geckos
  4 orcs (D:3)
  2 ball pythons
  5 bats
  6 giant cockroaches
  10 goblins
  10 hobgoblins
  11 kobolds
  4 quokkas
  7 giant newts
  3 jackals (D:2)
  19 rats
110 creatures vanquished.

Notes
Turn   | Place    | Note
--------------------------------------------------------------
     0 | D:1      | PolkaDot, the Octopode Transmuter, began the quest for the Orb.
     0 | D:1      | Reached XP level 1. HP: 13/13 MP: 1/1
   102 | D:1      | Reached XP level 2. HP: 18/18 MP: 3/3
   497 | D:1      | Reached XP level 3. HP: 14/23 MP: 4/4
   965 | D:2      | Found a shimmering altar of Xom.
  1248 | D:2      | Found a deep blue altar of Sif Muna.
  1399 | D:2      | Reached skill level 4 in Unarmed Combat
  1399 | D:2      | Reached XP level 4. HP: 12/28 MP: 6/6
  1719 | D:2      | Found a radiant altar of Vehumet.
  2020 | D:3      | Reached XP level 5. HP: 8/33 MP: 7/7
  2122 | D:3      | Found a glowing drain.
  2167 | Sewer    | Entered a sewer
  2181 | Sewer    | Reached skill level 5 in Unarmed Combat
  2840 | D:3      | Reached XP level 6. HP: 9/39 MP: 9/9
  3400 | D:3      | Found a sparkling altar of Nemelex Xobeh.
  3681 | D:4      | Reached skill level 6 in Unarmed Combat
  3912 | D:5      | Entered Level 5 of the Dungeon
  3938 | D:5      | Found a snail-covered altar of Cheibriados.
  4120 | D:5      | Found Kora's Book Emporium.
  4135 | D:5      | Found an iron altar of Okawaru.
  4198 | D:6      | Reached XP level 7. HP: 2/44 MP: 10/10
  4201 | D:6      | HP: 1/44 [poisoned by a killer bee]
  4202 | D:6      | Succumbed to a killer bee's poison

Action                   |  1- 3 |  4- 6 |  7- 9 || total
-------------------------+-------+-------+-------++-------
Melee: Unarmed           |    80 |   182 |       ||   262
 Cast: Beastly Appendage |       |     3 |       ||     3
  Use: Scroll            |     3 |     8 |     3 ||    14
       Potion            |       |    13 |       ||    13
 Stab: Sleeping          |     2 |     3 |       ||     5
